 Dungeon Crawl Stone Soup version 0.31.0-12-g77e489cdc1 (webtiles) character file.

Game seed: 8520331351393734660

380 Gadfly the Covered (level 6, 0/51 HPs)
             Began as an Armataur Fighter on Mar 1, 2024.
             Slain by a kobold brigand
             ... wielding a +0 dagger
              (5 damage)
             ... in a sewer.
             The game lasted 00:05:11 (4082 turns).

Gadfly the Covered (Armataur Fighter)               Turns: 4082, Time: 00:05:12

Health: 0/51       AC:  9    Str: 21    XL:     6   Next: 46%
Magic:  8/8        EV:  6    Int:  9    God:
Gold:   61         SH:  4    Dex: 11    Spells: 5/5 levels left

rFire   . . .        b - +2 short sword (venom)
rCold   . . .        c - +0 buckler
rNeg    . . .        e - +1 chain mail
rPois   .            (no helmet)
rElec   .            (no cloak)
rCorr   .            (no gloves)
SInv    .            (no barding)
Will    ++...        (no amulet) Stlth
                     h - ring of willpower
HPRegen 0.28/turn    (no ring)
MPRegen 1.10/turn

%: roll
@: lethally poisoned (0 -> -16), enlightened, flying, slowed, very slow
A: large, deformed body, tough skin 3, armoured tail, roll 1
a: no special abilities


You were in a sewer.
You visited 1 branch of the dungeon, and saw 4 of its levels.
You also visited: Sewer.

You collected 121 gold pieces.
You spent 60 gold pieces at shops.

Inventory:

Hand Weapons
 a - a +1 flail
 b - a +2 short sword of venom (weapon)
Armour
 c - a +0 buckler (worn)
 e - a +1 chain mail (worn)
Jewellery
 h - a ring of willpower (left hand)
Scrolls
 i - 3 scrolls of enchant armour
 j - 2 scrolls of teleportation
 k - a scroll of amnesia {unknown}
Potions
 d - a potion of might
 f - a potion of resistance
 g - 2 potions of heal wounds
 l - a potion of brilliance {unknown}
 m - 3 potions of attraction
 n - a potion of enlightenment
 o - a potion of berserk rage
 p - a potion of mutation {unknown}


   Skills:
 + Level 3.4 Fighting
 * Level 3.3 Maces & Flails
 + Level 4.4 Armour
 + Level 3.9 Shields
 * Level 2.8 Invocations
 * Level 2.7 Evocations


You had 5 spell levels left.
You didn't know any spells.
Your spell library contained the following spells:

 Spells                   Type           Power      Damage    Failure   Level
 Summon Small Mammal      Summ           0%         N/A       97%         1
 Call Canine Familiar     Summ           0%         N/A       100%        3
 Dazzling Flash           Conj/Hex       0%         N/A       100%        3
 Volatile Blastmotes      Fire/Tloc      0%         2d10      100%        3
 Animate Armour           Summ/Erth      0%         N/A       100%        4
 Summon Blazeheart Golem  Fire/Summ      0%         N/A       100%        4
 Summon Lightning Spire   Summ/Air       0%         N/A       100%        4
 Lee's Rapid Deconstruct  Erth           0%         3d4*      100%        5
 Starburst                Conj/Fire      0%         6d3       100%        6
 Maxwell's Capacitive Co  Air            0%         ∞         100%        8


Dungeon Overview and Level Annotations

Branches:
Dungeon (4/15)              Sewer (1/1)
 Temple: D:4-7

Altars:

Shops:
D:1 !


Innate Abilities, Weirdness & Mutations

Armour fits poorly on your strangely shaped body.
You have extremely tough skin. (AC +3)
You have a long armoured tail.
You regenerate magic when rolling toward enemies. (Rampage MPRegen)


Message History

The jackal bites you but does no damage.
The kobold brigand throws a curare-tipped dart.
The curare-tipped dart hits you.
You are poisoned.
You have difficulty breathing.
You feel yourself slow down. You block the jackal's attack.
You hit the jackal but do no damage.
The jackal is severely wounded.
You feel very sick.
You kill the jackal!
The kobold brigand throws a curare-tipped dart.
The curare-tipped dart hits you.
You are more poisoned.
You have difficulty breathing.
You feel as though you will be slow longer.
The kobold brigand throws a poisoned dart.
The poisoned dart hits you!
You are lethally poisoned!
You feel extremely sick.
The kobold brigand throws a poisoned dart.
The poisoned dart hits you!
You are more poisoned.
You see here a jackal corpse.
You are too injured to fight recklessly!
Unknown command.
You closely miss the kobold brigand.
* * * LOW HITPOINT WARNING * * *
You feel extremely sick. You block the kobold brigand's attack.
The kobold brigand throws a poisoned dart.
You block the poisoned dart.
The kobold brigand hits you but does no damage.
It was a potion of enlightenment.
You feel very buoyant.
You fly up into the air.
* * * LOW HITPOINT WARNING * * *
You feel extremely sick. You block the kobold brigand's attack.
The kobold brigand hits you with a +0 dagger.
You die...

#~# #~# #~# #~# #~# #~#
#~# ##~#########
#######.~~~~~~@~.#
###...~...~~~~~~KK~#
≈≈~~~~≈~~~~~~~≈≈≈~K#
≈≈≈≈≈≈≈≈≈≈≈≈≈≈≈≈≈~....
≈~~~~~~~~~~~~~≈≈≈~~#...
###......~..~~~~~~.#....
###.###..~..~~...# .##
#∩# ############ # ###


You could see 2 kobold brigands and a kobold.

Vanquished Creatures
  2 hounds (D:4)
  Natasha (thrice) (D:3)
  An orc wizard (D:4)
  3 gnolls (D:3)
  9 adders
  A river rat (Sewer)
  2 ribbon worms
  A dart slug (D:3)
  2 orcs (D:4)
  6 bats
  5 endoplasms
  2 giant cockroaches (D:1)
  10 goblins
  3 hobgoblins (D:1)
  12 jackals
  3 quokkas
  11 ball pythons
  2 frilled lizards
  6 kobolds
  10 rats
94 creatures vanquished.

Notes
Turn   | Place    | Note
-------+----------+-------------------------------------------
     0 | D:1      | Gadfly the Armataur Fighter began the quest for the Orb.
     0 | D:1      | Reached XP level 1. HP: 18/18 MP: 1/1
   195 | D:1      | Reached XP level 2. HP: 24/25 MP: 2/2
   438 | D:1      | Reached skill level 1 in Invocations
   570 | D:1      | Reached XP level 3. HP: 30/30 MP: 3/3
   618 | D:1      | Reached skill level 1 in Evocations
   667 | D:1      | Found Gufaenes's Distillery.
   681 | D:1      | Bought a potion of heal wounds for 60 gold pieces
  1723 | D:3      | Reached XP level 4. HP: 33/38 MP: 5/5
  1778 | D:3      | Reached skill level 4 in Armour
  2168 | D:3      | Noticed Natasha
  2173 | D:3      | Killed Natasha
  2174 | D:3      | Reached XP level 5. HP: 38/45 MP: 6/6
  2672 | D:3      | Noticed Natasha
  2684 | D:3      | Killed Natasha
  3663 | D:3      | Noticed Natasha
  3679 | D:3      | Killed Natasha
  3686 | D:4      | Reached XP level 6. HP: 42/51 MP: 7/7
  3980 | D:4      | Found a glowing drain.
  4002 | Sewer    | Entered a sewer
  4082 | Sewer    | Slain by a kobold brigand

Illustrated notes

Levels and vault maps discovered:
D:1:      wander_arrival_lonely_grave, layout_basic, serial_shops,
          nicolae_shop_stone
D:2:      kennysheep_six_static_rooms, layout_basic, supply_closet_lemuel,
          amcnicky_mini_rare_corridor_liquid
D:3:      layout_basic, amcnicky_mini_pool_small, minmay_snake_closets,
          uniq_natasha
D:4:      layout_cave_pools, minmay_temple_entry_antechambers,
          portal_sewer_entry_d, serial_bayou_crossing
Sewer:    sewer_kobolds

Skill      XL: |  1  2  3  4  5 |
---------------+----------------+-----
Maces & Flails | 2 3 |  3.3
Invocations    | 1 2 |  2.8
Evocations     | 1 2 |  2.7
Fighting       | 3 |  3.4
Armour         | 4 |  4.4
Shields        | |  3.9

Action                     |  1- 3 |  4- 6 || total
---------------------------+-------+-------++-------
  Melee: Flail             |    64 |       ||    64
         Tailslap          |    13 |    21 ||    34
         Short sword       |    53 |   152 ||   205
    Use: Scroll            |     6 |     2 ||     8
         Potion            |     2 |     1 ||     3
 Armour: Chain mail        |    98 |   151 ||   249
  Dodge: Dodged            |    31 |    42 ||    73
  Block: Buckler           |    27 |    30 ||    57
